Map: Goldenaura LE

Players

SubN

  • Race: Zerg Zerg
  • League: Diamond
  • Spawn Location: 5:00

tim - Winner!

  • Race: Protoss Protoss
  • League: Diamond
  • Spawn Location: 12:00

VOD

Have the link to the VOD?

Description

Time

  • Played on: Dec. 22, 2023, 9:57 p.m.
  • Length: 4:58
Show
View Real Time Build Order
Export as new Build Order

SubN Zerg 

Build Orders: Pool First 

Get SALT Encoding   

  12  0:00  Drone  
  13  0:07  Drone  
  13  0:11  Extractor  
  13  0:30  Spawning Pool  
  12  0:57  Hatchery  
  11  1:16  Queen  
  13  1:25  Metabolic Boost  
  13  1:34  Overlord  
  13  1:44  Zergling x2  
  14  1:53  Zergling x4  
  16  1:57  Zergling x2  
  17  2:07  Zergling x2  
  18  2:19  Zergling x4  
  20  2:25  Zergling x4  
  12  3:03  Queen  
  12  3:05  Drone x4  
  20  3:15  Zergling x4  
  18  3:39  Queen  
Show
View Real Time Build Order
Export as new Build Order

tim Protoss - Winner!

Build Orders: Cannon Rush 

Get SALT Encoding   

  12  0:09  Pylon  
  12  0:13  Probe (Chrono Boost)  
  13  0:29  Forge  
  13  0:32  Probe  
  14  0:48  Pylon  
  14  0:50  Probe  
  15  1:02  Probe  
  16  1:08  Photon Cannon  
  16  1:14  Pylon  
  16  1:17  Probe (Chrono Boost)  
  17  1:29  Probe (Chrono Boost)  
  18  1:34  Photon Cannon  
  18  1:46  Photon Cannon  
  18  1:56  Photon Cannon  
  18  2:01  Probe  
  19  2:13  Probe  
  19  2:14  Assimilator  
  20  2:17  Gateway  
  20  2:25  Probe  
  21  3:03  Pylon  
  20  3:11  Pylon  
  19  3:15  Probe  
  20  3:27  Probe  
  21  3:40  Probe  
  22  3:47  Cybernetics Core  
  22  3:52  Probe  
  23  4:04  Probe, Assimilator  
  23  4:07  Nexus  
  24  4:16  Probe  
  25  4:18  Pylon  
  25  4:28  Probe  
  26  4:38  Photon Cannon  
  26  4:40  Probe, Photon Cannon  
  27  4:47  Shield Battery  
  27  4:50  Shield Battery  
Tags
 
Add a new tag
Caveats
  • Supply blocks, unpowered buildings, or Contaminate may cause inaccurate times.
  • Supply counts are checked every 10 seconds.